 Dungeon Crawl Stone Soup version 0.29-a0-994-gc5c9f59d18 (webtiles) character file.

Game seed: 11476945461656853855

684 Asher535 the Trooper (level 7, -4/63 HPs)
             Began as a Hill Orc Fighter on Aug 3, 2022.
             Was a Follower of Okawaru.
             Slain by an ogre
             ... wielding a +0 giant spiked club
              (30 damage)
             ... on level 5 of the Dungeon.
             The game lasted 00:12:55 (5756 turns).

Asher535 the Trooper (Hill Orc Fighter)             Turns: 5756, Time: 00:12:55

Health: -4/63      AC:  9    Str: 21    XL:     7   Next: 62%
Magic:  7/7        EV:  7    Int:  8    God:    Okawaru [*.....]
Gold:   284        SH:  5    Dex: 10    Spells: 6/6 levels left

rFire   . . .      SeeInvis .   a - +0 war axe
rCold   . . .      Faith    .   c - +0 buckler
rNeg    . . .      Spirit   .   d - +0 chain mail
rPois   .          Reflect  .   (no helmet)
rElec   .          Harm     .   (no cloak)
rCorr   .          Rampage  .   (no gloves)
Will    .....                   (no boots)
Stlth   ..........              (no amulet)
HPRegen 0.20/turn               (no ring)
MPRegen 0.10/turn               (no ring)

@: no status effects
A: no striking features
a: Renounce Religion, Heroism


You were on level 5 of the Dungeon.
You worshipped Okawaru.
Okawaru was aware of your devotion.
You visited 1 branch of the dungeon, and saw 5 of its levels.

You collected 284 gold pieces.

Inventory:

Hand Weapons
 a - a +0 war axe (weapon)
 n - a +1 falchion of holy wrath
 p - a +0 flail of venom
Missiles
 h - 8 poisoned darts (quivered)
Armour
 b - a +1 scale mail
 c - a +0 buckler (worn)
 d - a +0 chain mail (worn)
 r - a +2 robe of cold resistance
Wands
 w - a wand of digging (7)
Scrolls
 f - 5 scrolls of teleportation
 g - a scroll of vulnerability
 l - a scroll of magic mapping
 m - a scroll of enchant weapon {unknown}
Potions
 e - 2 potions of berserk rage {unknown}
 i - a potion of magic {unknown}
 j - a potion of mutation {unknown}
 k - 2 potions of haste {unknown}
 o - 2 potions of flight {unknown}
 q - a potion of heal wounds {unknown}
 s - 5 potions of curing
 t - a potion of degeneration {unknown}
 u - 3 potions of brilliance


   Skills:
 + Level 6.1 Fighting
 + Level 5.8 Axes
 + Level 5.4 Armour
 + Level 5.4 Shields


You had 6 spell levels left.
You didn't know any spells.
Your spell library contained the following spells:

 Spells                   Type           Power      Damage    Failure   Level
 Ensorcelled Hibernation  Hex/Ice        0%         N/A       100%        2
 Passwall                 Tmut/Erth      0%         N/A       100%        2
 Ozocubu's Armour         Ice            0%         N/A       100%        3
 Portal Projectile        Hex/Tloc       0%         N/A       100%        3
 Swiftness                Air            0%         N/A       100%        3
 Leda's Liquefaction      Hex/Erth       0%         N/A       100%        4
 Ozocubu's Refrigeration  Ice            0%         4d7       100%        7
 Call Canine Familiar     Summ           Unusable   N/A       N/A         3

Dungeon Overview and Level Annotations

Branches:
Dungeon (5/15)             Temple (0/1) D:4

Altars:
Okawaru

Shops:
D:3 [


Message History

Things that are here:
a +0 flail of venom; a +0 scale mail You feel sick.
You start resting.
You feel sick. x7
You are no longer poisoned.
You start resting.
An ogre is nearby!
The ogre shouts!
Things that are here:
a +0 flail of venom; a +0 scale mail
p - a +0 flail of venom Throw: 10 darts (poison)
Press: ? - help, Shift-Dir - straight line, f - ogre
Aim: an ogre, wielding a +0 giant spiked club (74% to hit)
You throw a poisoned dart. The poisoned dart hits the ogre.
The ogre is poisoned.
Throw: 9 darts (poison)
Press: ? - help, Shift-Dir - straight line, f/p - ogre
Aim: an ogre, wielding a +0 giant spiked club (lightly wounded, poisoned, 74% to hit)
You throw a poisoned dart.
The poisoned dart barely misses the ogre.
You hit the ogre.
The ogre is moderately wounded.
The ogre hits you with a +0 giant spiked club.
You closely miss the ogre.
The ogre is moderately wounded.
You block the ogre's attack.
You hit the ogre.
The ogre is moderately wounded.
The ogre looks more healthy.
The ogre hits you with a +0 giant spiked club!
You barely miss the ogre.
The ogre is moderately wounded.
You barely miss the ogre.
The ogre is moderately wounded.
The ogre hits you with a +0 giant spiked club!!
You slash the ogre!
The ogre is severely wounded.
The ogre hits you with a +0 giant spiked club!!
You die...

#.# #.#.# #.#.# #)#.#
#### #.#.# ..# #.#.#
#.# #.#.###
#.#############.#...#
##.......((....O@....#
.........#######.#...#
.......)...# #.#..##
.#.#####.#.# #.#..#
.#.# #.#.### #.#..#
.#.# #.#...###.#..#
##.# #.#.......#..#
##.# #.#.#.#####..#
##.# #.#.#.#


You could see an ogre.

Vanquished Creatures
  An ogre (D:3)
  A phantom (D:4)
  Blork the orc (D:5)
  3 scorpions
  A howler monkey (D:5)
  A hound (D:5)
  Jessica (D:3)
  An iguana (D:4)
  6 adders
  A white imp (D:5)
  3 worms (D:2)
  6 dart slugs
  5 orcs
  8 ball pythons
  7 endoplasms
  2 giant cockroaches (D:2)
  8 goblins
  10 hobgoblins
  4 jackals
  5 quokkas
  11 bats
  A frilled lizard (D:1)
  6 kobolds
  4 rats
  A spectral goblin (D:2)
98 creatures vanquished.

Notes
Turn   | Place    | Note
-------+----------+-------------------------------------------
     0 | D:1      | Asher535 the Hill Orc Fighter began the quest for the Orb.
     0 | D:1      | Reached XP level 1. HP: 19/19 MP: 1/1
   232 | D:1      | Reached XP level 2. HP: 27/27 MP: 2/2
   545 | D:1      | Reached skill level 4 in Fighting
   732 | D:1      | Reached XP level 3. HP: 32/33 MP: 3/3
  1281 | D:2      | Found a faded altar of an unknown god.
  1345 | D:2      | Reached XP level 4. HP: 41/41 MP: 4/4
  1992 | D:3      | Noticed Jessica
  2007 | D:3      | Killed Jessica
  2180 | D:3      | Found an iron altar of Okawaru.
  2351 | D:3      | Found Bovaz's Antique Armour Emporium.
  2597 | D:3      | Reached XP level 5. HP: 31/47 MP: 5/5
  3416 | D:3      | Became a worshipper of Warmaster Okawaru
  3461 | D:4      | Found a staircase to the Ecumenical Temple.
  3474 | D:4      | Noticed a phantom
  3491 | D:4      | Killed a phantom
  3492 | D:4      | Reached skill level 5 in Fighting
  3492 | D:4      | Reached XP level 6. HP: 8/56 MP: 6/6
  4406 | D:3      | Reached skill level 5 in Axes
  4858 | D:4      | Noticed an ice beast
  5006 | D:5      | Entered Level 5 of the Dungeon
  5014 | D:5      | Reached * piety under Okawaru
  5015 | D:5      | Reached skill level 5 in Armour
  5015 | D:5      | Reached skill level 5 in Shields
  5015 | D:5      | Reached XP level 7. HP: 47/62 MP: 7/7
  5299 | D:5      | Noticed Blork the orc
  5311 | D:5      | Killed Blork the orc
  5351 | D:5      | Reached skill level 6 in Fighting
  5756 | D:5      | Slain by an ogre

Illustrated notes

Levels and vault maps discovered:
D:1:      dpeg_arrival_line_fractal, layout_loops_ring
D:2:      layout_loops_corners, dreamdust_ecumenical_altar_drowned_temple,
          minmay_quadrilaterals
D:3:      layout_basic, mainiacjoe_overflow_concentric_impassable, serial_shops,
          nicolae_shop_advertising_works [nicolae_subvault_shop_adworks],
          minmay_puff, uniq_jessica
D:4:      layout_rooms, temple_pool_b, minmay_close_crescents
D:5:      layout_loops_ring, nicolae_shop_clearance, uniq_blork_the_orc

Skill      XL: |  1  2  3  4  5  6  7 |
---------------+----------------------+-----
Axes           | 3 4 5 |  5.8
Fighting       | 4 5 6 |  6.1
Armour         | 4 5 |  5.4
Shields        | 4 5 |  5.4

Action                   |  1- 3 |  4- 6 |  7- 9 || total
-------------------------+-------+-------+-------++-------
Melee: War axe           |    77 |   142 |    52 ||   271
Throw: Dart              |       |       |     2 ||     2
  Use: Scroll            |       |     8 |     2 ||    10
       Potion            |       |     1 |       ||     1
Armor: Scale mail        |    45 |    65 |     7 ||   117
       Chain mail        |       |       |    14 ||    14
Dodge: Dodged            |    44 |    73 |    19 ||   136
Block: Buckler           |    17 |    31 |     8 ||    56

Table legend: (Time is in decaauts)
 A = Elapsed time spent in this place.
 B = Non-inter-level travel time spent in this place.
 C = Inter-level travel time spent in this place.
 D = Time resting spent in this place.
 E = Time spent auto-exploring this place.
 F = Levels seen in this place.
 G = Mean time per level.
                   A        B        C        D        E       F      G
               +--------+--------+--------+--------+--------+-----+--------+
         Total |   5850 |   5774 |     76 |   1718 |   2800 |   5 | 1170.0 |
       Dungeon |   5850 |   5774 |     76 |   1718 |   2800 |   5 | 1170.0 |
               +--------+--------+--------+--------+--------+-----+--------+

Top non-repeatable levels by time:
     D:3: 2198 daAuts
     D:1: 1005 daAuts
     D:2: 999 daAuts
     D:4: 883 daAuts
     D:5: 764 daAuts
